[Event "Late-Titled-Tuesday-Blitz-March-26-2024"]
[Site "Chess.com"]
[Date "2024.03.26"]
[Round "11"]
[White "expii"]
[Black "Chempiblinka"]
[Result "1-0"]
[WhiteElo "2228"]
[BlackElo "2370"]
[TimeControl "180+1"]
[EndTime "16:03:46 PDT"]
[Termination "expii won on time"]

1. e4 c5 2. Nf3 g6 3. d4 cxd4 4.
Nxd4 Bg7 5. Nc3 Nc6 6. Be3 Nf6 7. f3 O-O 8. Bc4 d6 9. O-O Qb6 10. Rb1 Nxe4 11. Nf5 Nxc3 12. bxc3 Qc7 13. Nxg7 Kxg7 14. Qd2 Ne5 15. Bh6+ Kg8 16. Bxf8 Kxf8 17. Qh6+ Kg8 18. Bd3 Qxc3 19. Rbe1 Be6 20. f4 Nxd3 21. cxd3 Qxd3 22.
f5 Bc4 23. fxg6 hxg6 24. Rf3 Qd5 25. Rh3 Qd4+ 26. Kh1 Qg7 27. Qh4 Bxa2 28. Qxe7 Be6 29. Qxb7 Qf8 30. Rxe6 Rb8 31. Rxg6+ 1-0

[Event "Late-Titled-Tuesday-Blitz-March-26-2024"]
[Site "Chess.com"]
[Date "2024.03.26"]
[Round "11"]
[White "hansen"]
[Black "Hikaru"]
[Result "0-1"]
[WhiteElo "2980"]
[BlackElo "3266"]
[TimeControl "180+1"]
[EndTime "16:03:51 PDT"]
[Termination "Hikaru won on time"]

1. e4 c6 2. Nf3 d5 3. d3 Qc7 4. exd5 cxd5 5. c4 dxc4 6. dxc4 Bf5 7. Be2 Nc6 8. O-O e6 9. Nc3 a6 10. Be3 Nf6 11. Qa4 Ng4 12. Nb5 Qb8 13. Nbd4 Be4 14. c5 Nf6 15. Ng5 Bd5 16. Bf3 Qc8 17. b4 Be7 18. a3 O-O 19. Nxc6 bxc6 20. Bxd5 Nxd5 21. Bd2 e5 22. Qc2 Bxg5 23. Bxg5 f5 24. Bd2 Qd7 25. Rae1 Rae8 26. Qc4 Qc8 27. Re2 Re6 28.
Rfe1 Rfe8 29. Bc1 e4 30. g3 h6 31. h4 Kh7 32. Rd1 f4 33. Rxd5 cxd5 34. Qxd5 fxg3 35. fxg3 Rg6 36. Bf4 Qg4 37. Kf2 Qf3+ 38. Ke1 Qh1+ 0-1

[Event "Late-Titled-Tuesday-Blitz-March-26-2024"]
[Site "Chess.com"]
[Date "2024.03.26"]
[Round "11"]
[White "financieru"]
[Black "cristiano78"]
[Result "1-0"]
[WhiteElo "2413"]
[BlackElo "2249"]
[TimeControl "180+1"]
[EndTime "16:03:51 PDT"]
[Termination "financieru won by resignation"]

1. d4 Nf6 2. c4 g6 3. Nc3 Bg7 4. e4 d6 5. f3 O-O 6. Be3 Nc6 7. Nge2 a6 8. Qd2 Rb8 9. h4 h5 10. Nd5 e6 11. Nxf6+ Bxf6 12. Bg5 Bxg5 13. hxg5 Kg7 14. O-O-O e5 15. d5 Ne7 16. g4 hxg4 17. Ng3 Rh8 18. Be2 gxf3 19. Bxf3 Bh3 20. Rh2 Qd7 21. Rdh1 Bg4 22.
Qe2 Bxf3 23. Qxf3 Rxh2 24. Rxh2 Rg8 25. Qf6+ Kf8 26. Rh7 Nc8 27. Nf5 gxf5 28. exf5 Qe7 29. Qh6+ Ke8 30. g6 Rf8 31. g7 Rg8 32. Rh8 1-0

[Event "Late-Titled-Tuesday-Blitz-March-26-2024"]
[Site "Chess.com"]
[Date "2024.03.26"]
[Round "11"]
[White "Houdinovic"]
[Black "Statham_01"]
[Result "0-1"]
[WhiteElo "2708"]
[BlackElo "2635"]
[TimeControl "180+1"]
[EndTime "16:03:52 PDT"]
[Termination "Statham_01 won on time"]

1. c4 e5 2. g3 Nf6 3. Bg2 c6 4. Nf3 e4 5. Nd4 d5 6. cxd5 Qxd5 7.
Nc2 Na6 8. Nc3 Qe5 9. O-O Be7 10.
d4 exd3 11. exd3 Bg4 12. Qd2 O-O 13. h3 Be6 14. Re1 Qh5 15. Nd4 Bc5 16. Nxe6 fxe6 17. d4 Rad8 18. Ne2 e5 19. Qc2 Bb6 20. dxe5 Nd5 21.
Nf4 Qe8 22. e6 Qe7 23. Bxd5 cxd5 24. Bd2 g5 25. Nd3 Qd6 26. Kg2 Rde8 27. Bxg5 Nb4 28. Nxb4 Rxf2+ 29. Qxf2 Bxf2 30. Kxf2 Qxb4 31. Re2 d4 32. Rd1 Qc4 0-1

[Event "Late-Titled-Tuesday-Blitz-March-26-2024"]
[Site "Chess.com"]
[Date "2024.03.26"]
[Round "11"]
[White "Godzillator"]
[Black "secretsuperstar7"]
[Result "1-0"]
[WhiteElo "2387"]
[BlackElo "2482"]
[TimeControl "180+1"]
[EndTime "16:03:52 PDT"]
[Termination "Godzillator won on time"]

1. c4 Nf6 2. Nc3 c5 3. g3 Nc6 4. Bg2 g6 5. Nf3 Bg7 6. O-O O-O 7. d3 d6 8. a3 a6 9. Rb1 Rb8 10. b4 cxb4 11. axb4 b5 12. Ng5 Bd7 13. cxb5 axb5 14.
Nce4 Nd5 15. Bd2 h6 16. Nh3 Bxh3 17. Bxh3 f5 18. Rc1 Nd4 19. e3 fxe4 20. exd4 Nf6 21.
Be3 exd3 22. Qxd3 Kh7 23. d5 Nd7 24. Be6 Ne5 25. Qe2 Nf3+ 26. Kh1 Ra8 27. Bf4 Ne5 28. Rc2 Ra3 29. Rfc1 Qb6 30. Be3 Qb7 31. Rc7 Qb8 32.
Rxe7 Qa8 33. Rcc7 Ra1+ 34. Kg2 Rg8 35. Qb2 1-0

[Event "Late-Titled-Tuesday-Blitz-March-26-2024"]
[Site "Chess.com"]
[Date "2024.03.26"]
[Round "11"]
[White "GothamChess"]
[Black "ExtremeLearner"]
[Result "0-1"]
[WhiteElo "2665"]
[BlackElo "2578"]
[TimeControl "180+1"]
[EndTime "16:03:55 PDT"]
[Termination "ExtremeLearner won by checkmate"]

1. e4 e6 2. b3 d5 3. Bb2 dxe4 4.
Nc3 Nf6 5. Qe2 Be7 6. O-O-O Nbd7 7. g4 Nb6 8. g5 Nfd5 9. h4 O-O 10. Qxe4 a5 11. a4 Nb4 12. Nf3 N6d5 13. Rg1 Bd7 14. Ne5 Be8 15. Be2 f5 16. gxf6 Bxf6 17. Kb1 Qe7 18. Ng4 Nxc3+ 19. dxc3 Nd5 20. Rxd5 exd5 21. Qxd5+ Bf7 22. Nxf6+ Qxf6 23. Qxb7 Rab8 24. Qh1 Bg6 25. c4 Rxb3 26. Qd5+ Kh8 27. Rxg6 Qxb2# 0-1

[Event "Late-Titled-Tuesday-Blitz-March-26-2024"]
[Site "Chess.com"]
[Date "2024.03.26"]
[Round "11"]
[White "jinxy2009"]
[Black "Doublekk14"]
[Result "1-0"]
[WhiteElo "2290"]
[BlackElo "2400"]
[TimeControl "180+1"]
[EndTime "16:03:57 PDT"]
[Termination "jinxy2009 won on time"]

1. e4 c5 2. Nf3 e6 3. d4 cxd4 4.
Nxd4 Nf6 5. Nc3 Nc6 6. Ndb5 Bc5 7.
Bf4 O-O 8. Bc7 Qe7 9. Bd6 Bxd6 10. Qxd6 Ne8 11. Qxe7 Nxe7 12. O-O-O a6 13. Nd6 Nxd6 14. Rxd6 f5 15. e5 Ng6 16. g3 Nxe5 17. Bg2 Nc4 18. Rd4 Ne5 19. Re1 Nc6 20. Rd6 Nd8 21. Na4 Nf7 22.
Rd2 Rb8 23. Nb6 e5 24. Bd5 e4 25. f3 d6 26. fxe4 fxe4 27. Rxe4 Bf5 28. Re7 Bg6 29. Rf2 Rbe8 30. Bxf7+ Bxf7 31. Rfxf7 Rxe7 32. Rxe7 Rf1+ 33. Kd2 Rf2+ 34. Re2 Rf6 35. Nd5 Rf8 36. Kd3 1-0

[Event "Late-Titled-Tuesday-Blitz-March-26-2024"]
[Site "Chess.com"]
[Date "2024.03.26"]
[Round "11"]
[White "CFalcons8"]
[Black "N_Mullodzhanov"]
[Result "1/2-1/2"]
[WhiteElo "2424"]
[BlackElo "2544"]
[TimeControl "180+1"]
[EndTime "16:04:00 PDT"]
[Termination "Game drawn by repetition"]

1. d4 Nf6 2. Nf3 g6 3. g3 Bg7 4.
Bg2 O-O 5. O-O d6 6. c4 c5 7. d5 e5 8. Nc3 Re8 9. Nd2 Nfd7 10. e3 f5 11. b3 e4 12. Bb2 Ne5 13. Rb1 Nbd7 14. Qc2 Nd3 15. Ba1 N7e5 16. a3 a6 17. b4 b6 18. Rfd1 Ng4 19. Rf1 h5 20. h3 Nge5 21. Ne2 cxb4 22. axb4 a5 23. bxa5 bxa5 24. Bd4 h4 25. Nf4 Nxf4 26. gxf4 Nd3 27. Bxg7 Kxg7 28. Nb3 a4 29. Nd4 Qf6 30. Rb6 Ra6 31. Rxa6 Bxa6 32. Qxa4 Ra8 33. Ne6+ Kh6 34. Qc6 Ra7 35. Qb6 Qe7 36.
Ra1 Qf6 37. Rxa6 Rxa6 38. Qxa6 Qb2 39. Qa7 Qxf2+ 40. Kh1 Qe1+ 41. Kh2 Qg3+ 42. Kg1 Qe1+ 43. Kh2 Qg3+ 44. Kg1 Qe1+ 45. Kh2 1/2-1/2

[Event "Late-Titled-Tuesday-Blitz-March-26-2024"]
[Site "Chess.com"]
[Date "2024.03.26"]
[Round "11"]
[White "Janh4"]
[Black "titomagno_64"]
[Result "1/2-1/2"]
[WhiteElo "2164"]
[BlackElo "2291"]
[TimeControl "180+1"]
[EndTime "16:04:01 PDT"]
[Termination "Game drawn by repetition"]

1. d4 d5 2. Nc3 Nf6 3. Bf4 g6 4. e3 Bg7 5. h4 h5 6. Nf3 Bg4 7. Qd2 Bxf3 8. gxf3 c6 9. Be2 b5 10. O-O-O Qa5 11. Qd3 b4 12. Nb1 Qxa2 13. e4 b3 14. e5 bxc2 15. Qxc2 Nfd7 16. e6 Nf8 17. Bxb8 Rxb8 18.
Qxc6+ Kd8 19. Qc2 Nxe6 20. Nc3 Qa1+ 21. Kd2 Qxb2 22. Rb1 Qxc2+ 23. Kxc2 Nxd4+ 24. Kd3 Rxb1 25. Rxb1 Kd7 26. Nxd5 Nxe2 27. Kxe2 e6 28. Rb7+ Kc6 29.
Rxf7 exd5 30. Rxg7 Re8+ 31. Kd3 Re6 32. Rxa7 Kb6 33. Rd7 Kc6 34. Ra7 Kb6 35. Rd7 Kc6 36. Ra7 1/2-1/2

[Event "Late-Titled-Tuesday-Blitz-March-26-2024"]
[Site "Chess.com"]
[Date "2024.03.26"]
[Round "11"]
[White "Zampronha1971"]
[Black "Stanbad1"]
[Result "1-0"]
[WhiteElo "2410"]
[BlackElo "2614"]
[TimeControl "180+1"]
[EndTime "16:04:03 PDT"]
[Termination "Zampronha1971 won by resignation"]

1. e4 c6 2. d4 d5 3. e5 Bf5 4. Nc3 e6 5. g4 Bg6 6. Nge2 c5 7. h4 h5 8. Nf4 Bh7 9. Nxh5 Nc6 10. Bb5 Qb6 11.
Be3 cxd4 12. Bxd4 Qa5 13. Qd2 Ne7 14. f4 a6 15. Bxc6+ Nxc6 16. O-O-O Rc8 17. Kb1 Bb4 18.
a3 Bf8 19. Rhf1 b5 20. Ne2 b4 21. f5 Qa4 22. b3 Qxa3 23. Bb2 Qa5 24. Nd4 Nxd4 25.
Qxd4 Bxf5 26. Nxg7+ Bxg7 27. gxf5 Bf8 28. fxe6 fxe6 29. Qd3 Kd7 30. Rf7+ Be7 31. Qg6 Qc5 32. Rc1 Rxh4 33. Qg5 Rhh8 34. Bd4 Rhg8 35. Qf6 Rg6 36. Bxc5 Rxf6 37. exf6 Rxc5 38. Rxe7+ Kd6 39. Re8 1-0

[Event "Late-Titled-Tuesday-Blitz-March-26-2024"]
[Site "Chess.com"]
[Date "2024.03.26"]
[Round "11"]
[White "Hirna2005"]
[Black "RuperezA"]
[Result "0-1"]
[WhiteElo "2320"]
[BlackElo "2473"]
[TimeControl "180+1"]
[EndTime "16:04:03 PDT"]
[Termination "RuperezA won by checkmate"]

1. e4 c5 2. c3 Nf6 3. e5 Nd5 4. Nf3 d6 5. Bc4 e6 6. d4 cxd4 7. cxd4 Nb6 8. Bd3 Nc6 9. O-O dxe5 10. dxe5 Nb4 11. Bb5+ Bd7 12. Nc3 Bxb5 13. Nxb5 a6 14. Nd6+ Bxd6 15. exd6 N4d5 16. Qd4 O-O 17. Bf4 Rc8 18.
Bg3 Rc2 19. Rac1 Qc8 20. Rxc2 Qxc2 21. a3 Rd8 22. h4 Nc4 23. Qc5 Qa4 24. Ne5 Nxd6 25.
h5 Ne4 26. Qa7 Qb5 27. Bh2 h6 28. Rc1 Qxb2 29. Re1 Ndc3 30. Qe3 Qxa3 31. Qf3 Ng5 32. Qxb7 a5 33. Bf4 Qb4 34. Qc7 Rf8 35. Bxg5 hxg5 36.
h6 Nd5 37. Qa7 Qxe1+ 38. Kh2 Qxe5+ 39. Kg1 gxh6 40. g3 Rc8 41. Qxa5 Rc1+ 42. Kg2 Qe4+ 43. Kh3 Rh1# 0-1

[Event "Late-Titled-Tuesday-Blitz-March-26-2024"]
[Site "Chess.com"]
[Date "2024.03.26"]
[Round "11"]
[White "cthulhuuu"]
[Black "EsmeraldasAnderson03"]
[Result "1-0"]
[WhiteElo "2457"]
[BlackElo "2598"]
[TimeControl "180+1"]
[EndTime "16:04:04 PDT"]
[Termination "cthulhuuu won by resignation"]

1. e4 c5 2. Nf3 d6 3. g3 Nf6 4.
d3 g6 5. Bg2 Bg7 6. O-O O-O 7.
Re1 Nc6 8. e5 dxe5 9. Nxe5 Nxe5 10. Rxe5 Qc7 11. Bf4 Qb6 12. Nc3 Qxb2 13. Rxc5 Bg4 14. f3 Be6 15. Rb1 Qa3 16. Rc7 Nh5 17. Bd2 Rac8 18. Nb5 Qxa2 19. f4 a6 20. Nc3 Bxc3 21.
Rxc3 Rxc3 22. Bxc3 Rc8 23. Ra1 Bg4 24. Qxg4 f5 25.
Rxa2 fxg4 26. Be5 b5 27. Bd5+ Kf8 28. Be6 Rc6 29. Bxg4 Nf6 30. Bf3 Re6 31. Bxf6 exf6 32.
Kf2 Rb6 33. Ke3 Ke7 34. Kd4 Kd6 35. c4 Kc7 36. c5 Re6 37. Bd5 Re1 38. Rxa6 b4 39.
Ra7+ Kb8 40. Rb7+ Kc8 41. Rxb4 Re2 42. c6 Rxh2 43. Ra4 Kc7 44. Ra7+ Kb6 45. Rb7+ Ka6 46.
Bc4+ Ka5 47. c7 1-0

[Event "Late-Titled-Tuesday-Blitz-March-26-2024"]
[Site "Chess.com"]
[Date "2024.03.26"]
[Round "11"]
[White "jefferyx"]
[Black "rezamahdavi2008"]
[Result "1-0"]
[WhiteElo "3106"]
[BlackElo "2894"]
[TimeControl "180+1"]
[EndTime "16:04:05 PDT"]
[Termination "jefferyx won on time"]

1. Nf3 Nf6 2. c4 e6 3. b3 d5 4. Bb2 Be7 5. g3 c5 6. cxd5 exd5 7. Bg2 O-O 8. O-O d4 9. e3 Nc6 10. Na3 Re8 11. exd4 cxd4 12. Nc4 Bf5 13. Nce5 Nxe5 14. Nxe5 Bc5 15. Re1 Qd6 16. Bxb7 Rab8 17. Nc4 Qd7 18. Bg2 Ne4 19. Rc1 Rbc8 20. a3 a6 21. b4 Ba7 22. d3 Nc3 23. Bxc3 dxc3 24. Rxe8+ Rxe8 25. Be4 Qd4 26. Ne3 Be6 27. Qe1 Rc8 28. Bb7 Rc7 29.
Bxa6 h6 30. Bc4 Bh3 31. Qxc3 Qd6 32. Nd5 Rc8 33. Qe1 Be6 34. Ne3 Bh3 35. Nd5 Be6 36.
Nf4 Bd7 37. Qe4 Qb6 38. Rf1 Re8 39. Qd5 Re7 40. Qa8+ Kh7 41. Nd5 1-0

[Event "Late-Titled-Tuesday-Blitz-March-26-2024"]
[Site "Chess.com"]
[Date "2024.03.26"]
[Round "11"]
[White "MariusBieliauskas"]
[Black "nj123456"]
[Result "0-1"]
[WhiteElo "2337"]
[BlackElo "2463"]
[TimeControl "180+1"]
[EndTime "16:04:07 PDT"]
[Termination "nj123456 won by resignation"]

1. d4 d5 2. c4 e6 3. Nc3 Nf6 4. Nf3 Be7 5. Qc2 O-O 6. e4 dxe4 7. Nxe4 Nxe4 8. Qxe4 Nd7 9. Bd3 Nf6 10. Qh4 c5 11.
Bg5 g6 12. O-O cxd4 13. Rad1 Re8 14. Nxd4 Nh5 15. Bxe7 Qxe7 16. Qxe7 Rxe7 17. c5 a6 18. b4 e5 19. Nb3 Bd7 20. Na5 Ba4 21. Rc1 Nf4 22. Bc4 Kg7 23. g3 Ne6 24. Bxe6 Rxe6 25. a3 b6 26. cxb6 Rxb6 27. Rc5 Re8 28. Rfc1 Bb5 29.
Rc7 Rf6 30. Nb7 e4 31. Re1 Rf3 32. Nd6 Re5 33. Nxb5 axb5 34. Rc5 Rxc5 35. bxc5 Rxa3 36. Rxe4 Rc3 37. Re5 Kf6 38. f4 b4 39. Re4 b3 40.
Rb4 Ke6 41. c6 Kd6 42. Kg2 Kxc6 43. Kh3 h5 44. Kh4 Kc5 45. Rb7 Kc4 46. h3 Kd3 47. g4 hxg4 48. hxg4 Kc2 49. Kg5 b2 50. Rxb2+ Kxb2 51. f5 gxf5 52. gxf5 Rc7 0-1

[Event "Late-Titled-Tuesday-Blitz-March-26-2024"]
[Site "Chess.com"]
[Date "2024.03.26"]
[Round "11"]
[White "Slovineanu"]
[Black "IsaqueGoncalvesSanto"]
[Result "1-0"]
[WhiteElo "2474"]
[BlackElo "1918"]
[TimeControl "180+1"]
[EndTime "16:04:12 PDT"]
[Termination "Slovineanu won on time"]

1. d4 e6 2. c4 d5 3. Nf3 c6 4. Nbd2 Nf6 5. e3 Bb4 6. a3 Ba5 7. b4 Bc7 8. Bb2 O-O 9. Bd3 Nbd7 10. O-O Re8 11. e4 dxc4 12. Nxc4 Nb6 13. Ne3 a5 14. Rc1 axb4 15. axb4 Na4 16. Ba1 h6 17. Bc2 Nb6 18. Qd3 e5 19. Nxe5 Qe7 20. f4 Qxb4 21. Bb3 Be6 22.
Bxe6 fxe6 23. Bc3 Qe7 24. f5 Ra3 25. Ra1 Rea8 26. Rxa3 Rxa3 27. Ra1 Rxa1+ 28. Bxa1 exf5 29. Nxf5 Qb4 30. Bc3 Qb3 31. Ng6 Nc4 32. e5 Nd5 33. Nge7+ Kf7 34. Nxd5 cxd5 35. Qf3 Qb1+ 36. Kf2 Qc2+ 37.
Kg3 Ke8 38. Nxg7+ Kd8 39. Qf8+ 1-0

[Event "Late-Titled-Tuesday-Blitz-March-26-2024"]
[Site "Chess.com"]
[Date "2024.03.26"]
[Round "11"]
[White "Boninknights"]
[Black "steepedgames"]
[Result "0-1"]
[WhiteElo "2384"]
[BlackElo "2521"]
[TimeControl "180+1"]
[EndTime "16:04:14 PDT"]
[Termination "steepedgames won on time"]

1. d4 f5 2. Nc3 Nf6 3. Bg5 e6 4.
e4 fxe4 5. Nxe4 Be7 6. Bxf6 Bxf6 7. Nf3 O-O 8. Bd3 Nc6 9. c3 d6 10. Qe2 e5 11. dxe5 Bxe5 12. Neg5 h6 13. Bc4+ Kh8 14.
Nf7+ Rxf7 15. Bxf7 Qf6 16. Nxe5 Nxe5 17. Bb3 Bg4 18. f3 Re8 19. O-O Nxf3+ 20. Rxf3 Rxe2 21. Rxf6 gxf6 22. Rf1 Kg7 23. Rf2 Re1+ 24. Rf1 Re2 25. Rf2 Re1+ 26. Rf1 Re5 27. Rf4 Bd7 28. Kf2 Bc6 29. g3 Bb5 30. Bd1 a5 31. Bf3 b6 32. b4 Kf7 33. a4 Bxa4 34. bxa5 Rxa5 35. Rh4 Bc2 36. Rxh6 Rc5 37. g4 Rxc3 38. h4 Kg7 39. g5 fxg5 40. hxg5 Rc5 41. Rh5 Bg6 0-1

[Event "Late-Titled-Tuesday-Blitz-March-26-2024"]
[Site "Chess.com"]
[Date "2024.03.26"]
[Round "11"]
[White "Korchmar_Vasiliy"]
[Black "KaydenTroffChess"]
[Result "1-0"]
[WhiteElo "2716"]
[BlackElo "2848"]
[TimeControl "180+1"]
[EndTime "16:04:15 PDT"]
[Termination "Korchmar_Vasiliy won on time"]

1. e4 c5 2. d4 cxd4 3. Qxd4 Nc6 4.
Qd3 g6 5. Nc3 Bg7 6. Nf3 d6 7.
Be2 Nf6 8. O-O O-O 9. Nd5 Bg4 10. c3 Bxf3 11. Qxf3 Rc8 12. Bg5 Ne5 13. Qe3 Nc4 14.
Qxa7 Nxd5 15. exd5 Qd7 16. Bxc4 Rxc4 17. Qe3 Re8 18.
h3 Qb5 19. Qd3 Rc5 20. Qe4 Rxd5 21. Be3 Re5 22. Qc2 Rc8 23. a4 Qc4 24. a5 Rb5 25. Ra4 Qb3 26. Qe4 d5 27. Qh4 Qxb2 28. Qxe7 Bxc3 29.
Rf4 Rf8 30. Bc5 Rxc5 31. Qxc5 d4 32. Qd5 Qe2 33. Rf3 h5 34. Rb1 Qc2 35. Rxb7 Qc1+ 36. Kh2 Qd2 37. Rfxf7 1-0

[Event "Late-Titled-Tuesday-Blitz-March-26-2024"]
[Site "Chess.com"]
[Date "2024.03.26"]
[Round "11"]
[White "ahmedkandiliii"]
[Black "N_I_Chess"]
[Result "0-1"]
[WhiteElo "2519"]
[BlackElo "2367"]
[TimeControl "180+1"]
[EndTime "16:04:15 PDT"]
[Termination "N_I_Chess won on time"]

1. e4 Nf6 2. Nc3 d5 3. exd5 Nxd5 4. d4 Bf5 5. Nf3 e6 6. Be2 Be7 7. O-O O-O 8. Nxd5 exd5 9. Bd3 Bg4 10. Re1 Bf6 11. h3 Bh5 12. Bf4 Nd7 13. c3 c6 14.
a4 a5 15. Kh2 Re8 16. Rxe8+ Qxe8 17. Qc2 Bg6 18. Re1 Qf8 19. Bxg6 hxg6 20. Qe2 Nb6 21.
Bg5 Nc4 22. b3 Nd6 23. Bxf6 gxf6 24. Qe7 Re8 25. Qd7 Rxe1 26. Nxe1 Qb8 27. Kg1 Ne4 28. c4 Qf4 29. Nf3 Qc1+ 30. Kh2 dxc4 31. Qe8+ Kg7 32. bxc4 Qf4+ 33. Kg1 Qc1+ 34. Kh2 Nxf2 35. d5 Qxc4 36.
dxc6 Qxc6 37. Qe3 Nd1 38. Qd3 Nc3 39. Qd4 Nd5 40. Kg3 Qc7+ 41. Kf2 Qc2+ 42. Kg3 Ne7 43.
Qd7 Nf5+ 44. Kh2 Qb3 0-1

[Event "Late-Titled-Tuesday-Blitz-March-26-2024"]
[Site "Chess.com"]
[Date "2024.03.26"]
[Round "11"]
[White "GoltsevDmitry2000"]
[Black "Shankland"]
[Result "1-0"]
[WhiteElo "2809"]
[BlackElo "2909"]
[TimeControl "180+1"]
[EndTime "16:04:16 PDT"]
[Termination "GoltsevDmitry2000 won by checkmate"]

1. e4 c5 2. Nf3 d6 3. d4 cxd4 4. Nxd4 Nf6 5. Nc3 Nc6 6. Be2 g6 7. O-O Bg7 8. Be3 O-O 9. Nb3 b6 10. f4 Bb7 11. Bf3 Rc8 12. Qe2 Qc7 13. Rad1 a6 14.
Qf2 b5 15. a3 e6 16. Rd2 Qb8 17.
Rfd1 Rfd8 18. Bb6 Rd7 19. Nc5 dxc5 20. Rxd7 Nxd7 21. Rxd7 Bd4 22. Rxd4 cxd4 23. Ne2 e5 24. fxe5 Qxe5 25. Nxd4 Nb8 26. c3 Nd7 27. Nc2 Nxb6 28.
Qxb6 Bxe4 29. Qxa6 Rd8 30. Nd4 Rxd4 31. Qc8+ Kg7 32.
cxd4 Qxd4+ 33. Kf1 Bd3+ 34. Ke1 Qxb2 35. Qc5 Bc4 36.
Qb4 Qe5+ 37. Kf2 Qxh2 38. Qc3+ f6 39. a4 Qh4+ 40. g3 Qh2+ 41. Bg2 Qh5 42. a5 Qc5+ 43. Qe3 Qf5+ 44. Kg1 b4 45. Qe7+ Kh6 46. Qxb4 Qd3 47. Kh2 Qe2 48. Qc5 Ba6 49. Qb6 Kg5 50. Qd4 Qe5 51.
Qh4+ Kf5 52. Bh3# 1-0

[Event "Late-Titled-Tuesday-Blitz-March-26-2024"]
[Site "Chess.com"]
[Date "2024.03.26"]
[Round "11"]
[White "AccioChess"]
[Black "kai_nov"]
[Result "0-1"]
[WhiteElo "2464"]
[BlackElo "2344"]
[TimeControl "180+1"]
[EndTime "16:04:18 PDT"]
[Termination "kai_nov won on time"]

1. g3 d5 2. Bg2 e5 3. d3 c5 4. Nf3 Nc6 5. O-O f6 6. c4 d4 7.
e3 Bg4 8. exd4 cxd4 9. h3 Be6 10.
Nbd2 Nh6 11. Ne4 Nf7 12. h4 Be7 13. Qa4 O-O 14. Bd2 a5 15. a3 h6 16. Be1 f5 17. Ned2 Qd7 18. Qc2 g5 19. hxg5 hxg5 20. Nh2 g4 21. f3 gxf3 22. Nhxf3 Ng5 23. Nxg5 Bxg5 24. Nf3 Be3+ 25. Bf2 f4 26. Qe2 Bg4 27. b4 axb4 28. axb4 Rxa1 29. Rxa1 e4 30. dxe4 d3 31. Qb2 d2 32. Rd1 Bxf2+ 33. Kxf2 fxg3+ 34. Kxg3 Bxf3 35. Bxf3 Qd6+ 36. e5 Nxe5 37. Bd5+ Kh7 38. Rh1+ Kg7 39. Qxd2 Qg6+ 0-1

[Event "Late-Titled-Tuesday-Blitz-March-26-2024"]
[Site "Chess.com"]
[Date "2024.03.26"]
[Round "11"]
[White "MathiasWomacka"]
[Black "Abhishek2"]
[Result "1-0"]
[WhiteElo "2483"]
[BlackElo "2365"]
[TimeControl "180+1"]
[EndTime "16:04:19 PDT"]
[Termination "MathiasWomacka won by resignation"]

1. e4 e5 2. Nf3 Nc6 3. Bb5 a6 4. Bxc6 dxc6 5. O-O Bg4 6. h3 h5 7. d3 Qf6 8. Nbd2 Ne7 9. Re1 Ng6 10. d4 Bd6 11. hxg4 hxg4 12. Nh2 Qh4 13. Ndf1 exd4 14. g3 Qh7 15. Qxg4 Ne5 16. Qe2 O-O-O 17. Bf4 Rde8 18. Rad1 c5 19. c3 d3 20. Rxd3 Nxd3 21. Qxd3 Bxf4 22. gxf4 Kb8 23. f5 Qh6 24. Qe3 Qb6 25. Kg2 Qxb2 26. Ng3 Qxa2 27. e5 Rh4 28. Nf3 Rc4 29. e6 fxe6 30.
fxe6 Rg4 31. Ne5 Ra4 32. Nd7+ Ka8 33. Nxc5 Qd5+ 34. Kg1 Rh4 35. e7 Rc4 36. Nb3 Rc6 37. Nd4 Rg6 38. Qe4 Qd6 39. Nf5 Qb6 40. Rd1 c5 41.
Rd7 Re6 42. Qd5 Re1+ 43. Kg2 Qb5 44. Rd8+ Ka7 45. Rxe8 Qxe8 46. Qxc5+ Ka8 47. Qd5 g6 48. Qd8+ 1-0

[Event "Late-Titled-Tuesday-Blitz-March-26-2024"]
[Site "Chess.com"]
[Date "2024.03.26"]
[Round "11"]
[White "Firouzja2003"]
[Black "GHANDEEVAM2003"]
[Result "1-0"]
[WhiteElo "3134"]
[BlackElo "3052"]
[TimeControl "180+1"]
[EndTime "16:04:22 PDT"]
[Termination "Firouzja2003 won by resignation"]

1. e4 c6 2. d4 d5 3. e5 Bf5 4. h4 h5 5. Bd3 Bxd3 6. Qxd3 Qa5+ 7. b4 Qa6 8. Qb3 e6 9. a4 Nh6 10. Nf3 Nf5 11. Bd2 Nd7 12. Nc3 Qb6 13. Ne2 Be7 14.
Rb1 Qd8 15. Qd3 Nb6 16. a5 Nc4 17. Bg5 b6 18. Ng3 g6 19. Nxf5 gxf5 20. O-O Kd7 21. axb6 axb6 22. Ra1 Rg8 23. g3 b5 24. Kg2 Ra4 25.
Qe2 Qa8 26. Rab1 Ra2 27. Bxe7 Kxe7 28. Ng5 Rh8 29. Nh3 Qa4 30. Rfc1 Na3 31. Ra1 Rxa1 32. Rxa1 Qxb4 33. Qe3 Ra8 34. Qg5+ Kd7 35. Qg7 Kc7 36. Qxf7+ Kb6 37. Nf4 Qxd4 38. Nxe6 Qe4+ 39. Kh2 Qxe5 40.
Re1 Qd6 41. Nd4 Qc5 42. c3 Qxc3 43. Ne6 Ra7 44. Qf8 Qxe1 45. Qd8+ 1-0

[Event "Late-Titled-Tuesday-Blitz-March-26-2024"]
[Site "Chess.com"]
[Date "2024.03.26"]
[Round "11"]
[White "DACF2905"]
[Black "mightysmasher"]
[Result "0-1"]
[WhiteElo "2407"]
[BlackElo "2582"]
[TimeControl "180+1"]
[EndTime "16:04:24 PDT"]
[Termination "mightysmasher won by resignation"]

1. e4 e6 2. d4 d5 3. Nc3 dxe4 4.
Nxe4 Nd7 5. Nf3 Ngf6 6. Bd3 Nxe4 7. Bxe4 Nf6 8. Bd3 c5 9. Qe2 cxd4 10. Bg5 Qa5+ 11.
Bd2 Bb4 12. Nxd4 Bxd2+ 13. Qxd2 Qxd2+ 14. Kxd2 Bd7 15. c4 O-O-O 16. Kc3 Kb8 17. b3 Bc8 18.
Rad1 e5 19. Nb5 a6 20. Na3 Ng4 21. Rd2 f5 22. h3 Nf6 23. Rhd1 e4 24. Be2 Rxd2 25.
Rxd2 f4 26. Nc2 Re8 27. Rd4 g5 28. b4 h5 29. a4 e3 30. fxe3 fxe3 31. a5 Ne4+ 32.
Kb2 Ng3 33. Bf3 Nf1 34. Ne1 Nd2 35. Bxh5 Rf8 36. Kc3 Rf1 37. Nc2 Nb1+ 38. Kb2 Rf2 39. Bg4 Bxg4 40. Rxg4 Nd2 41. Kc3 Nb1+ 42. Kb2 Nd2 43.
Nxe3 Nxc4+ 44. Kc3 Nxe3 45. Rxg5 Nxg2 46. Kd4 Rf4+ 47.
Kc5 Ne3 48. Rg8+ Ka7 49. Rg5 Rc4+ 50. Kd6 Rxb4 51. Re5 Nc4+ 0-1

[Event "Late-Titled-Tuesday-Blitz-March-26-2024"]
[Site "Chess.com"]
[Date "2024.03.26"]
[Round "11"]
[White "CURRUTACO59"]
[Black "akanga001"]
[Result "0-1"]
[WhiteElo "2263"]
[BlackElo "2105"]
[TimeControl "180+1"]
[EndTime "16:04:27 PDT"]
[Termination "akanga001 won on time"]

1. Nf3 d5 2. d4 Bf5 3. c4 c6 4. Nc3 e6 5. e3 h6 6. Bd3 Nf6 7. O-O Nbd7 8. Qe2 Bxd3 9. Qxd3 Be7 10. e4 dxe4 11. Nxe4 Nxe4 12. Qxe4 Nf6 13. Qe2 O-O 14. Bf4 Re8 15. Rad1 Qa5 16. a3 Qa6 17. Ne5 Rad8 18. Rfe1 c5 19. dxc5 Bxc5 20. b4 Rxd1 21. Rxd1 Bf8 22. Qd3 Qa4 23. h3 a5 24. Nd7 Nxd7 25. Qxd7 Qxd7 26. Rxd7 axb4 27. axb4 Bxb4 28. Rxb7 Bc5 29.
Rc7 Bd4 30. c5 e5 31. Bd2 e4 32. c6 Rb8 33. Rb7 Ra8 34. c7 Be5 35. g3 Rc8 36.
Bf4 Bxf4 37. gxf4 Kh7 38. Kf1 Kg6 39. Ke2 Kf6 40. Ke3 Ke6 41. Kxe4 Kd6 42. Rb6+ Kd7 43. Ra6 Rxc7 44. Kf5 Ke7 45. Kg4 g6 46. f3 Kf8 47.
f5 Rc4+ 48. Kg3 Kg7 0-1

[Event "Late-Titled-Tuesday-Blitz-March-26-2024"]
[Site "Chess.com"]
[Date "2024.03.26"]
[Round "11"]
[White "Karttunen"]
[Black "ContrVersia"]
[Result "1/2-1/2"]
[WhiteElo "2733"]
[BlackElo "2910"]
[TimeControl "180+1"]
[EndTime "16:04:29 PDT"]
[Termination "Game drawn by repetition"]

1. e4 c5 2. Nf3 a6 3. Nc3 e6 4. d4 b5 5. d5 d6 6. a3 e5 7.
h3 Nf6 8. Bd3 Be7 9. Be3 O-O 10.
g4 Nbd7 11. Nd2 Ne8 12. h4 Bxh4 13. Nf3 Be7 14. g5 Nb6 15. Rg1 Bd7 16. Nh4 g6 17. Nf5 Ng7 18. Nh6+ Kh8 19. Qf3 f5 20. gxf6 Rxf6 21.
Nf7+ Rxf7 22. Qxf7 Be8 23. Qf3 Nd7 24. O-O-O b4 25. axb4 cxb4 26. Nb1 Nf6 27. Rh1 Nfh5 28. Rdg1 a5 29. Bh6 Kg8 30. Rxh5 Nxh5 31. Qxh5 a4 32. Qg4 a3 33. bxa3 bxa3 34. Nc3 a2 35. Nxa2 Rxa2 36. Kd2 Bf7 37. Rb1 Ra7 38. Be3 Ra8 39.
Rb7 h5 40. Qg2 Rb8 41. Ra7 Ra8 42. Rb7 Rb8 43. Ra7 Ra8 44. Rb7 1/2-1/2